[Event "*** SCC Grand Prix: Titled Tuesday Blitz"]
[Site "Chess.com"]
[Date "2020.08.11"]
[Round "3"]
[White "Sharpchess22"]
[Black "Ranindu2003"]
[Result "1/2-1/2"]
[WhiteElo "2803"]
[BlackElo "2618"]
[TimeControl "180+1"]
[EndTime "10:25:30 PDT"]
[Termination "Game drawn by repetition"]

1. d4 Nf6 2. c4 e6 3. Nf3 d5 4. g3 Be7 5. Bg2 O-O 6. Qc2 dxc4 7. Qxc4 a6 8. a4 b5 9. Qc2 Bb7 10. O-O Nbd7 11. Rd1 Be4 12. Qb3 Bd5 13. Qc2 Be4 14.
Qd2 Nb6 15. Nc3 Nc4 16. Qf4 Bc2 17. Re1 b4 18. Nb1 Nd5 19. Qg4 Bf5 20. Qh5 Nf6 21. Qg5 Nd5 22. Qh5 Nf6 23. Qg5 Nd5 24. Qh5 1/2-1/2

[Event "*** SCC Grand Prix: Titled Tuesday Blitz"]
[Site "Chess.com"]
[Date "2020.08.11"]
[Round "3"]
[White "realmadridtv"]
[Black "gagtemp"]
[Result "1-0"]
[WhiteElo "2458"]
[BlackElo "1965"]
[TimeControl "180+1"]
[EndTime "10:25:30 PDT"]
[Termination "realmadridtv won by checkmate"]

1. d4 d5 2. c4 e6 3. g3 c5 4. Nf3 Nc6 5. Bg2 Nf6 6. O-O Be7 7. cxd5 exd5 8. b3 O-O 9. Bb2 Bg4 10. Nbd2 Qd7 11.
dxc5 Bxc5 12. Bxf6 gxf6 13. e4 d4 14. h3 Bxh3 15.
Nh4 Bxg2 16. Kxg2 Kh8 17. Qh5 Ne5 18. Nf5 Rg8 19. Qxh7+ Kxh7 20. Rh1+ Kg6 21. Rh6+ Kg5 22. f4+ Kg4 23. Rh4# 1-0

[Event "*** SCC Grand Prix: Titled Tuesday Blitz"]
[Site "Chess.com"]
[Date "2020.08.11"]
[Round "3"]
[White "GlennTipton"]
[Black "mishanick"]
[Result "0-1"]
[WhiteElo "2453"]
[BlackElo "2990"]
[TimeControl "180+1"]
[EndTime "10:25:33 PDT"]
[Termination "mishanick won by resignation"]

1. e4 c5 2. Nc3 d6 3. f4 g6 4. Nf3 Bg7 5. Bc4 e6 6. O-O Ne7 7. Qe1 O-O 8. d3 d5 9. Bb3 Nbc6 10. f5 exf5 11. Nxd5 fxe4 12. dxe4 Nxd5 13. Bxd5 Nb4 14. Bb3 Qb6 15. a3 Nc6 16. Kh1 Be6 17. Qh4 Bxb3 18. cxb3 Qxb3 19. Bh6 f6 20. Rad1 Rad8 21.
Bxg7 Rxd1 0-1

[Event "*** SCC Grand Prix: Titled Tuesday Blitz"]
[Site "Chess.com"]
[Date "2020.08.11"]
[Round "3"]
[White "attack2mateU"]
[Black "IngOscarArdila"]
[Result "1-0"]
[WhiteElo "2722"]
[BlackElo "2204"]
[TimeControl "180+1"]
[EndTime "10:25:41 PDT"]
[Termination "attack2mateU won by resignation"]

1. e4 e5 2. Nf3 Nf6 3. Nxe5 d6 4. Nf3 Nxe4 5. Nc3 Nf6 6. d4 Be7 7. h3 Bf5 8. Nh4 Bd7 9. Bd3 O-O 10. Be3 Re8 11. O-O g6 12. Nf3 Bf8 13. Qd2 Bg7 14. Rfe1 Nc6 15. a3 Ne7 16. Bg5 Bf5 17. Bxf5 Nxf5 18.
Nd5 Rxe1+ 19. Rxe1 c6 20. Bxf6 Bxf6 21. Re8+ Qxe8 22.
Nxf6+ Kg7 23. Nxe8+ Rxe8 24. g4 Ne7 25. Qf4 Rd8 26.
Ng5 1-0

[Event "*** SCC Grand Prix: Titled Tuesday Blitz"]
[Site "Chess.com"]
[Date "2020.08.11"]
[Round "3"]
[White "CaspiIsrael"]
[Black "Gabix_94"]
[Result "0-1"]
[WhiteElo "2633"]
[BlackElo "2854"]
[TimeControl "180+1"]
[EndTime "10:25:53 PDT"]
[Termination "Gabix_94 won by resignation"]

1. e4 c5 2. Nf3 d6 3. d4 cxd4 4. Nxd4 Nf6 5. Nc3 e5 6. Bb5+ Nbd7 7. Nf5 a6 8. Ba4 b5 9. Bb3 Nc5 10. Bg5 Bxf5 11. exf5 Be7 12. Bxf6 Bxf6 13. Bd5 Rc8 14. a3 O-O 15. Qg4 e4 16. O-O Bxc3 17. bxc3 Qf6 18. c4 Rfe8 19. cxb5 axb5 20. Rae1 Re5 21. Bxe4 Rce8 22. f3 d5 23. Re2 dxe4 24. Rfe1 Qxf5 25. Qxf5 Rxf5 26. fxe4 Rfe5 0-1

[Event "*** SCC Grand Prix: Titled Tuesday Blitz"]
[Site "Chess.com"]
[Date "2020.08.11"]
[Round "3"]
[White "timator"]
[Black "Oleksandr_Bortnyk"]
[Result "0-1"]
[WhiteElo "2695"]
[BlackElo "2988"]
[TimeControl "180+1"]
[EndTime "10:26:00 PDT"]
[Termination "Oleksandr_Bortnyk won by resignation"]

1. Nf3 d5 2. b3 Bf5 3. Bb2 e6 4. e3 h6 5. h3 Nf6 6. Bd3 Bxd3 7.
cxd3 c5 8. O-O Nc6 9. d4 cxd4 10. Nxd4 Bd6 11. Nxc6 bxc6 12. d4 g5 13. Nc3 g4 14.
hxg4 h5 15. gxh5 Nxh5 16. Qg4 Nf6 17. Qf3 Bh2+ 18. Kh1 Ne4 19. Nxe4 Bg3+ 20. Kg1 Rh1+ 0-1

[Event "*** SCC Grand Prix: Titled Tuesday Blitz"]
[Site "Chess.com"]
[Date "2020.08.11"]
[Round "3"]
[White "Aguiar94"]
[Black "coocloo"]
[Result "1-0"]
[WhiteElo "2460"]
[BlackElo "2027"]
[TimeControl "180+1"]
[EndTime "10:26:02 PDT"]
[Termination "Aguiar94 won by resignation"]

1. e4 e5 2. Nf3 Nc6 3. Nc3 Nf6 4. Bb5 Bc5 5. O-O O-O 6. Nxe5 Nxe5 7. d4 a6 8. Ba4 b5 9. Bb3 Bxd4 10. Qxd4 Nc6 11.
Qd3 d6 12. Bg5 h6 13. Bh4 Ne5 14. Qd1 Bg4 15. Qd2 Be6 16. f4 Ng6 17. Bxf6 Qxf6 18. f5 Bxb3 19. fxg6 Qg5 20. Qxg5 h5 1-0

[Event "*** SCC Grand Prix: Titled Tuesday Blitz"]
[Site "Chess.com"]
[Date "2020.08.11"]
[Round "3"]
[White "StephenDedalus83"]
[Black "Bodnar_Mykola"]
[Result "0-1"]
[WhiteElo "2799"]
[BlackElo "2514"]
[TimeControl "180+1"]
[EndTime "10:26:07 PDT"]
[Termination "Bodnar_Mykola won by resignation"]

1. e4 e5 2. Nf3 Nc6 3. Bb5 g6 4. c3 a6 5. Ba4 b5 6. Bc2 Bg7 7. d4 exd4 8. cxd4 d5 9. exd5 Nce7 10. a4 Bb7 11. O-O Nf6 12. Re1 O-O 13. Nc3 Nexd5 14.
Bg5 h6 15. Bh4 Nxc3 16. bxc3 Qc8 17. Ne5 Nd5 18. Qd2 c5 19. dxc5 Qxc5 20. Nd7 Qxc3 21. Qxc3 Bxc3 22. Nxf8 Bxa1 23. Rxa1 Rxf8 24. axb5 axb5 25.
Rb1 Nc3 26. Rb2 Re8 27. f3 Re2 28. Bf6 Nd5 29. Bd4 Nf4 30. Bb3 Re1+ 31. Kf2 Nd3+ 32. Kg3 Nxb2 0-1

[Event "*** SCC Grand Prix: Titled Tuesday Blitz"]
[Site "Chess.com"]
[Date "2020.08.11"]
[Round "3"]
[White "gross-aleks"]
[Black "swimmerchess"]
[Result "0-1"]
[WhiteElo "2615"]
[BlackElo "2832"]
[TimeControl "180+1"]
[EndTime "10:26:08 PDT"]
[Termination "swimmerchess won by resignation"]

1. c4 Nf6 2. Nc3 c5 3. g3 d5 4.
cxd5 Nxd5 5. Bg2 Nc7 6. Nf3 Nc6 7. Qa4 Bd7 8. O-O g6 9. Qe4 Bg7 10. d3 O-O 11. h4 Nd4 12. Nxd4 cxd4 13. Nd5 Ne6 14.
Bd2 Bc6 15. Bb4 Re8 16. f4 a5 17. Bd2 Nc7 0-1

[Event "*** SCC Grand Prix: Titled Tuesday Blitz"]
[Site "Chess.com"]
[Date "2020.08.11"]
[Round "3"]
[White "ahachess"]
[Black "pfalcon1949"]
[Result "1-0"]
[WhiteElo "2272"]
[BlackElo "1963"]
[TimeControl "180+1"]
[EndTime "10:26:09 PDT"]
[Termination "ahachess won by resignation"]

1. d4 Nf6 2. c4 e6 3. Nf3 b6 4. g3 Bb7 5. Bg2 c6 6. O-O d5 7. Nc3 Be7 8. Qc2 Na6 9. a3 dxc4 10.
Rd1 O-O 11. Ne5 Qc7 12. Nxc4 Rfd8 13. Bf4 Qd7 14. Ne5 Qc8 15. Ne4 c5 16. Ng5 Bxg2 17. Kxg2 Qb7+ 18. f3 Rf8 19. dxc5 bxc5 20. Rd7 1-0

[Event "*** SCC Grand Prix: Titled Tuesday Blitz"]
[Site "Chess.com"]
[Date "2020.08.11"]
[Round "3"]
[White "AGW2016"]
[Black "ChessAurochs"]
[Result "0-1"]
[WhiteElo "2319"]
[BlackElo "2551"]
[TimeControl "180+1"]
[EndTime "10:26:10 PDT"]
[Termination "ChessAurochs won by resignation"]

1. d4 Nf6 2. c4 e6 3. g3 c5 4. d5 exd5 5. cxd5 d6 6. Nf3 g6 7. Bg2 Bg7 8. Nc3 O-O 9. O-O a6 10. a4 Nbd7 11. Bf4 Qe7 12. Nd2 Nh5 13. Be3 Ne5 14.
h3 f5 15. Nf3 Nxf3+ 16. Bxf3 Nxg3 17. Re1 f4 18. Bxf4 Rxf4 19. fxg3 Rd4 20. Qc1 Bxh3 0-1

[Event "*** SCC Grand Prix: Titled Tuesday Blitz"]
[Site "Chess.com"]
[Date "2020.08.11"]
[Round "3"]
[White "JonahWillow"]
[Black "Kavyev_Ruslan"]
[Result "0-1"]
[WhiteElo "2728"]
[BlackElo "2455"]
[TimeControl "180+1"]
[EndTime "10:26:13 PDT"]
[Termination "Kavyev_Ruslan won by resignation"]

1. e4 c5 2. Nf3 d6 3. d4 cxd4 4.
Qxd4 Nf6 5. Nc3 Nc6 6. Bb5 Bd7 7. Bxc6 Bxc6 8. Bg5 e6 9. O-O-O Be7 10. Qd3 h6 11.
Bh4 Qc7 12. Nd4 a6 13. f4 O-O 14. f5 e5 15. Nxc6 bxc6 16. Bxf6 Bxf6 17. h4 Qe7 18.
Qxd6 Bxh4 19. Qxc6 Bg5+ 20. Kb1 Rfc8 21. Qa4 Rxc3 22.
bxc3 Rb8+ 23. Ka1 Qc5 24. Rd3 Bd2 25. c4 Qd4+ 0-1

[Event "*** SCC Grand Prix: Titled Tuesday Blitz"]
[Site "Chess.com"]
[Date "2020.08.11"]
[Round "3"]
[White "Cambek64"]
[Black "Blagorod"]
[Result "0-1"]
[WhiteElo "2306"]
[BlackElo "2124"]
[TimeControl "180+1"]
[EndTime "10:26:13 PDT"]
[Termination "Blagorod won by resignation"]

1. e3 e5 2. d4 exd4 3. exd4 d5 4.
Bd3 Nf6 5. c3 Bd6 6. Qc2 O-O 7.
Bg5 h6 8. h4 Re8+ 9. Ne2 hxg5 10. hxg5 Ne4 11. f4 Bxf4 12. Nxf4 Ng3+ 13. Kf2 Nxh1+ 14. Kg1 Qxg5 15. Nd2 Qxf4 16. Rf1 Qh6 17. Bf5 Ng3 18. Bxc8 Nxf1 0-1

[Event "*** SCC Grand Prix: Titled Tuesday Blitz"]
[Site "Chess.com"]
[Date "2020.08.11"]
[Round "3"]
[White "XxPetroffsxX"]
[Black "bsnsun"]
[Result "0-1"]
[WhiteElo "2009"]
[BlackElo "2400"]
[TimeControl "180+1"]
[EndTime "10:26:20 PDT"]
[Termination "bsnsun won by resignation"]

1. e4 c5 2. Nf3 d6 3. d4 cxd4 4. Nxd4 Nf6 5. Nc3 a6 6. h3 e6 7.
g4 h6 8. Bg2 g5 9. O-O Nbd7 10.
f4 gxf4 11. Nde2 e5 12. Nd5 Nxd5 13. exd5 Be7 14. Nc3 f5 15. gxf5 Nf6 16. Ne4 Rg8 17. Kh1 Bxf5 18. Nxf6+ Bxf6 19. Qh5+ Bg6 20. Qxh6 Qd7 21. Bf3 O-O-O 22. Bg4 Be4+ 23. Kh2 Rxg4 24. hxg4 Rh8 0-1

[Event "*** SCC Grand Prix: Titled Tuesday Blitz"]
[Site "Chess.com"]
[Date "2020.08.11"]
[Round "3"]
[White "HouseOfDurin"]
[Black "Alopekos"]
[Result "1-0"]
[WhiteElo "2092"]
[BlackElo "2293"]
[TimeControl "180+1"]
[EndTime "10:26:22 PDT"]
[Termination "HouseOfDurin won on time"]

1. d4 Nf6 2. Bg5 d5 3. Bxf6 exf6 4. e3 Bd6 5. c4 c6 6. cxd5 cxd5 7.
Nc3 Be6 8. g3 O-O 9. Bg2 Nd7 10.
Bxd5 Bxd5 11. Nxd5 Qa5+ 12. Nc3 Bb4 13. Ne2 1-0

[Event "*** SCC Grand Prix: Titled Tuesday Blitz"]
[Site "Chess.com"]
[Date "2020.08.11"]
[Round "3"]
[White "mfwagnerpeixoto"]
[Black "Khvicha_Supatashvili"]
[Result "1-0"]
[WhiteElo "2289"]
[BlackElo "2713"]
[TimeControl "180+1"]
[EndTime "10:26:28 PDT"]
[Termination "mfwagnerpeixoto won by resignation"]

1. e4 c5 2. Nf3 d6 3. d4 cxd4 4.
Nxd4 Nf6 5. Nc3 Nc6 6. Bc4 e6 7. Bb3 a6 8. Be3 Qc7 9. Qe2 b5 10. O-O-O Na5 11. Kb1 Be7 12. g4 Nxb3 13. axb3 b4 14.
Na4 Nxe4 15. Bc1 Bb7 16. f3 Nc5 17. Rhe1 O-O 18. Nf5 exf5 19. Qxe7 Bxf3 20. Qxc7 Nxa4 21. bxa4 1-0

[Event "*** SCC Grand Prix: Titled Tuesday Blitz"]
[Site "Chess.com"]
[Date "2020.08.11"]
[Round "3"]
[White "varacalli"]
[Black "GelmanAlexander"]
[Result "0-1"]
[WhiteElo "2344"]
[BlackElo "2571"]
[TimeControl "180+1"]
[EndTime "10:26:31 PDT"]
[Termination "GelmanAlexander won by checkmate"]

1. e4 c5 2. Nf3 e6 3. d4 cxd4 4.
Nxd4 a6 5. Bd3 d6 6. Nc3 b5 7.
O-O Bb7 8. f4 Nd7 9. Kh1 Ngf6 10. Qe2 Rc8 11. Bd2 h5 12. Rf3 Be7 13. Re1 b4 14. Nd1 Nc5 15. Nf2 Qb6 16. Rh3 Nxd3 17. Qxd3 a5 18. Be3 Qc7 19. Nb5 Qxc2 20. Nxd6+ Bxd6 21. Qxd6 Nxe4 22. Nxe4 Bxe4 23. Rg1 Rd8 24. Qb6 O-O 25. Qxa5 Rd1 26. Rxd1 Qxg2# 0-1

[Event "*** SCC Grand Prix: Titled Tuesday Blitz"]
[Site "Chess.com"]
[Date "2020.08.11"]
[Round "3"]
[White "garicradomir"]
[Black "saikrishnaReturns"]
[Result "0-1"]
[WhiteElo "2231"]
[BlackElo "2650"]
[TimeControl "180+1"]
[EndTime "10:26:32 PDT"]
[Termination "saikrishnaReturns won by resignation"]

1. e4 e5 2. Nf3 Nc6 3. Nc3 Nf6 4.
Bb5 Bb4 5. d3 O-O 6. O-O d6 7. Ne2 Ne7 8. Ng3 Ng6 9. c3 Ba5 10.
h3 c6 11. Ba4 d5 12. Qe2 Bc7 13. Bg5 h6 14. Bd2 Nf4 15. Bxf4 exf4 16. Nf5 Re8 17. Qc2 dxe4 18. dxe4 Nxe4 19. N5d4 Bb6 20. Rae1 Nc5 21.
Nxc6 bxc6 22. Bxc6 Rxe1 23. Rxe1 Bb7 24. Re8+ Qxe8 25.
Bxe8 Rxe8 26. b4 Be4 27. Qe2 Nd3 28. Nd4 f6 29. a4 Bg6 30. Qg4 Re1+ 31. Kh2 Rh1+ 32.
Kxh1 Nxf2+ 0-1

[Event "*** SCC Grand Prix: Titled Tuesday Blitz"]
[Site "Chess.com"]
[Date "2020.08.11"]
[Round "3"]
[White "DishonorOnYourCow"]
[Black "BlackWidow515"]
[Result "1-0"]
[WhiteElo "2322"]
[BlackElo "2105"]
[TimeControl "180+1"]
[EndTime "10:26:32 PDT"]
[Termination "DishonorOnYourCow won by resignation"]

1. d4 d5 2. c4 e6 3. Nc3 Nf6 4. cxd5 exd5 5. Bg5 h6 6. Bh4 Be7 7. e3 O-O 8. Bd3 Nbd7 9. Nge2 b6 10. Qc2 Bb7 11. O-O c5 12. Rad1 Rc8 13. Bf5 c4 14.
f3 a6 15. e4 b5 16. e5 Ne8 17. e6 fxe6 18. Bxe6+ Kh8 19. Bg3 Nef6 20. Nf4 Rc6 21. Ng6+ 1-0

[Event "*** SCC Grand Prix: Titled Tuesday Blitz"]
[Site "Chess.com"]
[Date "2020.08.11"]
[Round "3"]
[White "seorobert1971"]
[Black "tk22h"]
[Result "1-0"]
[WhiteElo "2734"]
[BlackElo "2386"]
[TimeControl "180+1"]
[EndTime "10:26:34 PDT"]
[Termination "seorobert1971 won by resignation"]

1. c4 e5 2. Nc3 Nc6 3. Nf3 f5 4.
d3 Nf6 5. g3 g6 6. Bg2 Bg7 7.
O-O O-O 8. Rb1 a5 9. a3 d6 10. b4 axb4 11. axb4 h6 12. Nd2 Be6 13. Nd5 Qd7 14. b5 Nd8 15. b6 Bxd5 16. cxd5 c5 17. dxc6 Nxc6 18. Qb3+ Qf7 19. Qxf7+ Kxf7 20. Nc4 Ke7 21. Ba3 Rfd8 22. Bxc6 bxc6 23. b7 Rab8 24. Na5 Kd7 25. Rb6 c5 26. Nc6 Kc7 27. Rfb1 Nd5 28. Nxd8 Kxd8 29. Rxd6+ 1-0

[Event "*** SCC Grand Prix: Titled Tuesday Blitz"]
[Site "Chess.com"]
[Date "2020.08.11"]
[Round "3"]
[White "Ermito2020"]
[Black "1f3_2g41-0"]
[Result "1-0"]
[WhiteElo "2657"]
[BlackElo "2415"]
[TimeControl "180+1"]
[EndTime "10:26:35 PDT"]
[Termination "Ermito2020 won by resignation"]

1. e4 c5 2. Nf3 d6 3. d4 cxd4 4. Nxd4 Nf6 5. Nc3 a6 6. Bg5 e6 7. f4 Be7 8. Qf3 O-O 9. O-O-O Nbd7 10. Qg3 b5 11. Nc6 Qe8 12. Nxe7+ Qxe7 13. e5 dxe5 14. fxe5 b4 15. exf6 Nxf6 16. Ne4 Nxe4 17. Bxe7 Nxg3 18. hxg3 Re8 19. Bxb4 Bb7 20. Rd7 Bc6 21. Rc7 Bd5 22. Bd3 g6 23. Rf1 e5 24. c4 Be6 25. Be4 Rac8 26.
Rxc8 Rxc8 27. b3 f5 28. Bc2 h5 29. Rd1 Kf7 30. Bc3 e4 31. Kd2 g5 32. Ke3 h4 33.
gxh4 f4+ 34. Kxe4 Rc5 35. Kd4 Rc8 36. hxg5 Rg8 37. Be4 Rxg5 38. Rf1 Rg4 39. Ke5 Ke7 40. Rxf4 Rg5+ 41. Kd4 Rg3 42. Bf3 1-0

[Event "*** SCC Grand Prix: Titled Tuesday Blitz"]
[Site "Chess.com"]
[Date "2020.08.11"]
[Round "3"]
[White "warmoatmeal"]
[Black "Ind1anStar"]
[Result "0-1"]
[WhiteElo "2341"]
[BlackElo "2514"]
[TimeControl "180+1"]
[EndTime "10:26:39 PDT"]
[Termination "Ind1anStar won by resignation"]

1. Nf3 d5 2. d4 Nf6 3. Bf4 e6 4. e3 Bd6 5. c3 O-O 6. Nbd2 c5 7. Bg3 Qc7 8. Ne5 Nc6 9. f4 Ne7 10. Bh4 Ne4 11. Bd3 Nf5 12. Bf2 Nxf2 13. Kxf2 f6 14. Nef3 e5 15. dxe5 fxe5 16. fxe5 Bxe5 17. g3 Bxg3+ 18.
Kg1 Nxe3 19. Qe2 Bf4 20. Nf1 Nxf1 21. Rxf1 Bg4 22. Qg2 Be3+ 0-1

[Event "*** SCC Grand Prix: Titled Tuesday Blitz"]
[Site "Chess.com"]
[Date "2020.08.11"]
[Round "3"]
[White "Timerkhanov"]
[Black "ChronicUnhappiness"]
[Result "1-0"]
[WhiteElo "2588"]
[BlackElo "2363"]
[TimeControl "180+1"]
[EndTime "10:26:45 PDT"]
[Termination "Timerkhanov won by resignation"]

1. d4 d5 2. Bf4 Bf5 3. e3 e6 4.
c4 Nf6 5. Nc3 Bb4 6. Qb3 c5 7.
dxc5 Nc6 8. Nf3 O-O 9. Nd4 dxc4 10. Qxc4 Qa5 11. Nb3 Bxc3+ 12. bxc3 Qa3 13. Be2 Nd5 14. Bd6 Rfc8 15. e4 b5 16. Qd3 Nf4 17. Bxf4 1-0

[Event "*** SCC Grand Prix: Titled Tuesday Blitz"]
[Site "Chess.com"]
[Date "2020.08.11"]
[Round "3"]
[White "chito89"]
[Black "grunbergmihai"]
[Result "1-0"]
[WhiteElo "2744"]
[BlackElo "2439"]
[TimeControl "180+1"]
[EndTime "10:26:46 PDT"]
[Termination "chito89 won by resignation"]

1. e4 Nc6 2. Nf3 d5 3. exd5 Qxd5 4. Be2 Bg4 5. h3 Bxf3 6. Bxf3 Qe6+ 7. Qe2 Nd4 8. Qxe6 Nxf3+ 9. gxf3 fxe6 10. d4 O-O-O 11. c3 g6 12. Na3 Bg7 13. Nc4 Nf6 14. O-O Rhf8 15. Re1 Nd5 16. Kg2 Rf6 17. Bg5 Rf5 18. Bd2 Rdf8 19. Rxe6 Rxf3 20. Rf1 Rd3 21. Re2 b5 22. Na5 Kd7 23. Nb3 Rdf3 24. Nc5+ Kc8 25. Ne6 Bh8 26. Nxf8 Rxf8 27. Rfe1 Kd7 28. b3 c6 29. c4 bxc4 30. bxc4 Nf4+ 31. Bxf4 Rxf4 32. Rxe7+ 1-0

[Event "*** SCC Grand Prix: Titled Tuesday Blitz"]
[Site "Chess.com"]
[Date "2020.08.11"]
[Round "3"]
[White "Kaliopa"]
[Black "Novoselski"]
[Result "0-1"]
[WhiteElo "2190"]
[BlackElo "2397"]
[TimeControl "180+1"]
[EndTime "10:26:53 PDT"]
[Termination "Novoselski won by resignation"]

1. d4 e6 2. c4 b6 3. Nc3 Bb7 4. e4 Bb4 5. Bd3 f5 6. Qc2 Nf6 7. e5 Bxg2 8. exf6 Qxf6 9. f3 Bxh1 10. Qf2 Nc6 11. Ne2 e5 12. d5 Nd4 13. Be3 Nxf3+ 14.
Kd1 f4 15. Bxf4 Bxc3 16. Kc2 Bd4 17. Nc3 Bxf2 0-1

[Event "*** SCC Grand Prix: Titled Tuesday Blitz"]
[Site "Chess.com"]
[Date "2020.08.11"]
[Round "3"]
[White "Revnov"]
[Black "arminmusovic"]
[Result "1-0"]
[WhiteElo "2759"]
[BlackElo "2491"]
[TimeControl "180+1"]
[EndTime "10:27:03 PDT"]
[Termination "Revnov won by resignation"]

1. e4 c6 2. Nf3 d5 3. exd5 cxd5 4.
d4 a6 5. Ne5 Nc6 6. c4 Nf6 7.
Nc3 e6 8. Bf4 Qb6 9. Nxc6 bxc6 10. c5 Qxb2 11. Rc1 Be7 12. Be2 O-O 13. O-O Bd7 14. Na4 Qxa2 15. Ra1 Qxa1 16. Qxa1 Bd8 17. Nb6 Ra7 18. Bb8 Rb7 19. Bd6 1-0

[Event "*** SCC Grand Prix: Titled Tuesday Blitz"]
[Site "Chess.com"]
[Date "2020.08.11"]
[Round "3"]
[White "catzapto"]
[Black "r31415"]
[Result "1-0"]
[WhiteElo "1986"]
[BlackElo "2442"]
[TimeControl "180+1"]
[EndTime "10:27:04 PDT"]
[Termination "catzapto won by checkmate"]

1. e4 e5 2. Nf3 Nc6 3. d4 exd4 4. Bc4 Nf6 5. e5 d5 6. Bb5 Ne4 7. Nxd4 Bd7 8. Bxc6 bxc6 9. O-O Bc5 10. f3 Ng5 11. f4 Ne4 12. Be3 Qb8 13. Nd2 f5 14. e6 Bxe6 15. Nxe4 fxe4 16. Qh5+ Bf7 17. Qe5+ Kf8 18. Ne6+ Bxe6 19. Bxc5+ Kf7 20. f5 Bc8 21. Qe7+ Kg8 22. Qf8# 1-0

[Event "*** SCC Grand Prix: Titled Tuesday Blitz"]
[Site "Chess.com"]
[Date "2020.08.11"]
[Round "3"]
[White "Infernal_XaM"]
[Black "12teen"]
[Result "1-0"]
[WhiteElo "2919"]
[BlackElo "2677"]
[TimeControl "180+1"]
[EndTime "10:27:08 PDT"]
[Termination "Infernal_XaM won by resignation"]

1. d4 d5 2. Nf3 Nf6 3. c4 e6 4. g3 b6 5. cxd5 exd5 6. Bg2 Bb7 7. O-O Be7 8. Nc3 O-O 9. Ne5 c6 10. e4 Nbd7 11. Nxd7 Qxd7 12. e5 Ne8 13. f4 Nc7 14. f5 Rfe8 15. Qh5 Bf8 16. f6 g6 17. Qh4 Ne6 18. Bh6 Kh8 19. Bh3 c5 20. Rf4 cxd4 21.
Bxf8 Rxf8 22. Qh6 g5 23. Bf5 1-0

[Event "*** SCC Grand Prix: Titled Tuesday Blitz"]
[Site "Chess.com"]
[Date "2020.08.11"]
[Round "3"]
[White "Mikasinski"]
[Black "KaspMagAlpha"]
[Result "1-0"]
[WhiteElo "2439"]
[BlackElo "2209"]
[TimeControl "180+1"]
[EndTime "10:27:09 PDT"]
[Termination "Mikasinski won on time"]

1. e4 c5 2. Nf3 e6 3. d4 cxd4 4.
Nxd4 a6 5. Be2 Nf6 6. Nc3 Bb4 7. e5 Qa5 8. exf6 Bxc3+ 9. bxc3 Qxc3+ 10. Qd2 Qxa1 11.
fxg7 Rg8 12. c3 Qb1 13. Bd3 Qb6 14. Qh6 Qc5 15. Qxh7 Qe5+ 16. Be3 Qxg7 17. Qxg7 Rxg7 18.
h4 f5 19. g3 b5 20. h5 Bb7 21. Rh2 1-0

[Event "*** SCC Grand Prix: Titled Tuesday Blitz"]
[Site "Chess.com"]
[Date "2020.08.11"]
[Round "3"]
[White "BabyFacedAssasin"]
[Black "larisakalinina"]
[Result "0-1"]
[WhiteElo "2252"]
[BlackElo "1970"]
[TimeControl "180+1"]
[EndTime "10:27:11 PDT"]
[Termination "larisakalinina won by resignation"]

1. e4 c5 2. Nf3 Nc6 3. Bb5 g6 4. Bxc6 dxc6 5. d3 Bg7 6. h3 e5 7. O-O Qe7 8. Nc3 Nf6 9. Nh2 Nh5 10. Ne2 O-O 11. c3 f5 12. exf5 gxf5 13. f4 e4 14. dxe4 Qxe4 15. Nf3 Bf6 16. Re1 Rd8 17. Ned4 Qd5 18.
Ne5 Ng7 0-1

[Event "*** SCC Grand Prix: Titled Tuesday Blitz"]
[Site "Chess.com"]
[Date "2020.08.11"]
[Round "3"]
[White "ChessWarrior7197"]
[Black "AlexTriapishko"]
[Result "1-0"]
[WhiteElo "2906"]
[BlackElo "2667"]
[TimeControl "180+1"]
[EndTime "10:27:12 PDT"]
[Termination "ChessWarrior7197 won by resignation"]

1. e4 e5 2. Nf3 Nc6 3. Bc4 Nf6 4. d3 Be7 5. O-O O-O 6. c3 d6 7. Bb3 Kh8 8. Nbd2 Ng8 9. d4 Bf6 10. Nc4 exd4 11. Nxd4 Nge7 12. Be3 Nxd4 13. Bxd4 Nc6 14. Bxf6 Qxf6 15. Ne3 Be6 16. Nd5 Bxd5 17. Qxd5 Rfe8 18. f4 Qe6 19. Qb5 Qxe4 20. Qxb7 Qe3+ 21. Kh1 Qb6 22. Qxb6 cxb6 23. Bxf7 Re2 24. Rae1 Rxe1 25. Rxe1 Rf8 26. Bd5 Nb8 27. Re7 g5 28. Kg1 gxf4 29. Rxa7 Rf5 30. c4 Rf8 31. b4 Rd8 32. Ra8 Kg7 33.
a4 Kf6 34. a5 bxa5 35. bxa5 Ke7 36. a6 Nd7 37. Rxd8 Kxd8 38. a7 Nb6 39. a8=Q+ Nxa8 40. Bxa8 1-0

[Event "*** SCC Grand Prix: Titled Tuesday Blitz"]
[Site "Chess.com"]
[Date "2020.08.11"]
[Round "3"]
[White "Babas"]
[Black "Alexander_Zubov"]
[Result "0-1"]
[WhiteElo "2449"]
[BlackElo "2817"]
[TimeControl "180+1"]
[EndTime "10:27:12 PDT"]
[Termination "Alexander_Zubov won by resignation"]

1. d4 Nf6 2. Nf3 g6 3. c4 Bg7 4.
Nc3 d5 5. cxd5 Nxd5 6. e4 Nxc3 7. bxc3 c5 8. Be2 Bg4 9. Rb1 b6 10. O-O O-O 11. h3 Bxf3 12. Bxf3 Nc6 13. e5 Rc8 14.
Qa4 Na5 15. Be3 cxd4 16. cxd4 Nc4 17. Qxa7 Nxe3 18. fxe3 Bh6 19. Rfe1 Rc3 20. Kf2 e6 21. Qxb6 Qh4+ 22. g3 Qxh3 23. Rh1 Rc2+ 24. Be2 Qf5+ 25. Ke1 Bxe3 26. Rf1 Qe4 27. Qb3 Bxd4 28. Qd3 Rxe2+ 0-1

[Event "*** SCC Grand Prix: Titled Tuesday Blitz"]
[Site "Chess.com"]
[Date "2020.08.11"]
[Round "3"]
[White "evgenyermolaev"]
[Black "MYMChessAcademy"]
[Result "1-0"]
[WhiteElo "2484"]
[BlackElo "2143"]
[TimeControl "180+1"]
[EndTime "10:27:12 PDT"]
[Termination "evgenyermolaev won by checkmate"]

1. d4 Nf6 2. Nc3 d5 3. e4 dxe4 4. Bg5 g6 5. Qd2 Bg7 6. O-O-O O-O 7. h4 a5 8. h5 a4 9. a3 c6 10. Bh6 b5 11. hxg6 fxg6 12. Bxg7 Kxg7 13. Qh6+ Kg8 14. Nxe4 Rf7 15. Ng5 Rg7 16. Bd3 b4 17. Bc4+ Kh8 18.
N1f3 bxa3 19. Ne5 axb2+ 20. Kb1 Qf8 21. Nxg6+ Rxg6 22. Qxf8+ Ng8 23. Nf7# 1-0

[Event "*** SCC Grand Prix: Titled Tuesday Blitz"]
[Site "Chess.com"]
[Date "2020.08.11"]
[Round "3"]
[White "exoticprincess"]
[Black "Rodalquilar"]
[Result "1-0"]
[WhiteElo "2836"]
[BlackElo "2622"]
[TimeControl "180+1"]
[EndTime "10:27:13 PDT"]
[Termination "exoticprincess won on time"]

1. b3 d5 2. Bb2 Bf5 3. e3 Nf6 4. h3 e6 5. Nc3 h6 6. d4 Be7 7. g4 Bh7 8. Bd3 Bxd3 9. Qxd3 Nbd7 10. Nge2 c5 11. O-O-O Qc7 12. e4 cxd4 13. Nxd4 Qf4+ 14.
Kb1 dxe4 15. Qb5 O-O 16. Qxb7 Rfb8 17. Qa6 Qxf2 18. Nc6 Re8 19. Qb7 Qb6 20. Nxe7+ Rxe7 21. Qxa8+ Re8 22. Qxe8+ Nxe8 23. Rxd7 Nf6 24. Rdd1 Qf2 25.
Rhe1 Qg2 26. Re3 Qf2 27. Rde1 Kh7 28. Nxe4 Nxe4 29. Rxe4 Qg2 30. R4e3 Qf2 31. a4 Qg2 32. Bc3 Qd5 33. Kb2 Qc6 34. Rd3 Qg2 35. Red1 Qf2 36.
Rd7 Kg6 37. R1d3 a6 38. a5 Qc5 39. R7d6 Qb5 40. Rb6 1-0